 Dungeon Crawl Stone Soup version 0.31-a0-971-g75a2e9a4b4 (webtiles) character file.

Game seed: 1019722875587344630

45 Arex the Shield-Bearer (level 3, -2/31 HPs)
             Began as a Demigod Fighter on Oct 28, 2023.
             Slain by a goblin
             ... wielding a +2 dagger of speed
             ... led by Robin
              (4 damage)
             ... on level 2 of the Dungeon.
             The game lasted 00:01:08 (1191 turns).

Arex the Shield-Bearer (Demigod Fighter)            Turns: 1191, Time: 00:01:08

Health: -2/31      AC:  6    Str: 21    XL:     3   Next: 25%
Magic:  5/5        EV:  9    Int: 10    God:
Gold:   59         SH:  4    Dex: 13    Spells: 2/2 levels left

rFire   . . .        a - +0 war axe
rCold   . . .        c - +0 buckler
rNeg    . . .        b - +0 scale mail
rPois   .            (no helmet)
rElec   .            (no cloak)
rCorr   .            (no gloves)
SInv    .            (no boots)
Will    +....        (no amulet) Stlth
                     p - ring of willpower
HPRegen 0.25/turn    (no ring)
MPRegen 0.09/turn

%: no passive effects
@: attractive
A: high MP 1, forlorn, divine attributes
a: no special abilities


You were on level 2 of the Dungeon.
You visited 1 branch of the dungeon, and saw 2 of its levels.

You collected 59 gold pieces.

Inventory:

Hand Weapons
 a - a +0 war axe (weapon)
Armour
 b - a +0 scale mail (worn)
 c - a +0 buckler (worn)
Jewellery
 n - a ring of fire
 p - a ring of willpower (left hand)
Scrolls
 e - a scroll of teleportation {unknown}
 l - a scroll of vulnerability {unknown}
 m - a scroll of amnesia {unknown}
 o - a scroll of fog {unknown}
Potions
 d - a potion of might
 f - a potion of resistance {unknown}
 g - a potion of brilliance {unknown}
 h - a potion of degeneration {unknown}
 i - a potion of enlightenment {unknown}
 j - a potion of curing {unknown}


   Skills:
 + Level 3.0 Fighting
 + Level 2.3 Axes
 + Level 3.1 Armour
 + Level 3.1 Shields


You had 2 spell levels left.
You didn't know any spells.
Your spell library contained the following spells:

 Spells                   Type           Power      Damage    Failure   Level
 Ignite Poison            Fire/Tmut/Pois 0%         N/A       98%         3
 Sticky Flame             Conj/Fire      0%         2d3       100%        4
 Ignition                 Fire           0%         3d3       100%        8


Dungeon Overview and Level Annotations

Branches:
Dungeon (2/15)

Annotations:
D:2 Robin


Innate Abilities, Weirdness & Mutations

You have an increased reservoir of magic. (+10% MP)
You shall have no god before yourself.
Your divine heritage dramatically boosts your attributes as you level up.


Message History

Robin says, "Kneel, worm!"
Robin throws the goblin at you! The goblin attacks as it pursues you!
You block the goblin's attack.
Things that are here:
a +0 dagger; a +0 dagger; a goblin corpse You barely miss the goblin.
The goblin is heavily wounded.
You barely miss the goblin.
The hobgoblin no longer looks unusually strong.
The goblin no longer looks unusually strong.
Robin roars a battlecry!
The goblins go into a battle-frenzy!
You block the goblin's attack. x2
The goblin hits you with a +2 dagger of speed.
The goblin hits you with a +0 dagger.
You hear a shout!
You barely miss the goblin.
The goblin is heavily wounded.
You hit the goblin.
You kill the goblin!
The goblin hits you with a +2 dagger of speed. x2
* * * LOW HITPOINT WARNING * * *
Unknown command.
You hit the goblin but do no damage.
The goblin is heavily wounded.
The goblin no longer looks unusually strong.
You block the goblin's attack. x2; Robin throws the goblin at you!
The goblin hits you but does no damage.
You miss the goblin. You closely miss the goblin.
The goblin hits you with a +2 dagger of speed.
* * * LOW HITPOINT WARNING * * *
You block the goblin's attack. Robin throws the goblin at you!
The goblin hits you with a +0 dagger.
* * * LOW HITPOINT WARNING * * *
A hobgoblin comes into view.
You block the goblin's attack.
It was a potion of attraction.
You feel attractive to monsters.
The goblin hits you with a +2 dagger of speed.
You die... #.. . ###### #.. .# # #..###.# ###### ##....g. #..... ...... #.#### ..gKg

##.## # #.#g#
#...### #.#g#
#....## #.#@###
.###......
#..gg.#
#..........
###.#.#
########..#
#.#.####### #..#
#.........# #..#
###.#####.# #..#
#.#...#.#####..#
#.#............#
#.#...#.#####..#


You could see Robin, 2 hobgoblins, 4 goblins and a kobold.

Vanquished Creatures
  A dart slug (D:1)
  2 giant cockroaches (D:1)
  7 goblins
  5 hobgoblins (D:1)
  7 jackals (D:1)
  3 kobolds (D:1)
  A quokka (D:2)
  4 ball pythons (D:1)
  A bat (D:1)
  3 frilled lizards
  2 rats (D:1)
36 creatures vanquished.

Notes
Turn   | Place    | Note
-------+----------+-------------------------------------------
     0 | D:1      | Arex the Demigod Fighter began the quest for the Orb.
     0 | D:1      | Reached XP level 1. HP: 18/18 MP: 3/3
   181 | D:1      | Reached XP level 2. HP: 25/25 MP: 4/4
   697 | D:1      | Reached XP level 3. HP: 31/31 MP: 5/5
  1172 | D:2      | Noticed Robin
  1190 | D:2      | HP: 1/31 [goblin/+0 dagger[Robin] (5)]
  1191 | D:2      | Slain by a goblin

Illustrated notes

Levels and vault maps discovered:
D:1:      lemuel_arrival_room, layout_basic, chequers_serial_rivers_large_b
D:2:      layout_loops_ring, basic_altar, uniq_robin

Skill      XL: |  1  2 |
---------------+-------+-----
Axes           | 2 |  2.3
Armour         | 3 |  3.1
Fighting       | 3 |  3.0
Shields        | 3 |  3.1

Action                     || total
---------------------------++-------
  Melee: War axe           ||    99
    Use: Potion            ||     1
 Armour: Scale mail        ||    80
  Dodge: Dodged            ||    40
  Block: Buckler           ||    38

Table legend: (Time is in decaauts)
 A = Elapsed time spent in this place.
 B = Non-inter-level travel time spent in this place.
 C = Inter-level travel time spent in this place.
 D = Time resting spent in this place.
 E = Time spent auto-exploring this place.
 F = Levels seen in this place.
 G = Mean time per level.
                   A        B        C        D        E       F      G
               +--------+--------+--------+--------+--------+-----+--------+
         Total |   1281 |   1266 |     15 |      0 |   1031 |   2 |  640.5 |
       Dungeon |   1281 |   1266 |     15 |      0 |   1031 |   2 |  640.5 |
               +--------+--------+--------+--------+--------+-----+--------+

Top non-repeatable levels by time:
     D:1: 863 daAuts
     D:2: 418 daAuts
